 Dungeon Crawl Stone Soup version 0.29-a0-410-g9596d59a08 (webtiles) character file.

Game seed: 10974604511285445660

6737 Bruhh the Fighter (level 11, -6/85 HPs)
             Began as a Djinni Earth Elementalist on May 14, 2022.
             Was an Initiate of Ashenzari.
             Mangled by a yak (8 damage)
             ... on level 9 of the Dungeon.
             The game lasted 00:20:33 (12082 turns).

Bruhh the Fighter (Djinni Earth Elementalist)      Turns: 12082, Time: 00:20:34

Health: -6/85      AC:  7    Str:  7    XL:     11   Next: 24%
Gold:   455        EV: 12    Int: 20    God:    Ashenzari [......] SH:  3 Dex: 15

rFire   + + +      SeeInvis .   D - +3 spear (freeze)
rCold   x x .      Faith    .   J - +0 buckler
rNeg    . . .      Spirit   .   o - +1 robe {Archmagi}
rPois   ∞          Reflect  .   l - +0 helmet
rElec   +          Harm     .   G - +1 cloak {Stlth+}
rCorr   .          Rampage  .   (no gloves)
Will    +....      Archmagi +   (boots unavailable)
Stlth   +++.......              (no amulet)
HPRegen 0.24/turn               y - ring of fire
MPRegen 0.00/turn               (no ring)

@: flying
A: sickness immunity, fire resistance 2, cold vulnerability 1, float, innate
caster, HP casting, extra vitality 1, mutation resistance 2, electricity
resistance
a: Renounce Religion, Curse Item


You were on level 9 of the Dungeon.
You worshipped Ashenzari.
Ashenzari was noncommittal.
You visited 2 branches of the dungeon, and saw 10 of its levels.

You collected 455 gold pieces.

Inventory:

Hand Weapons
 i - a +0 long sword
 q - a +2 trident of freezing
 D - a +3 spear of freezing (weapon)
Missiles
 a - 142 stones
 h - 4 throwing nets
Armour
 b - a +0 robe
 l - a +0 helmet (worn)
 m - a +0 ring mail
 o - a +1 robe of the Archmagi (worn)
 G - a +1 cloak of stealth (worn)
 J - a +0 buckler (worn)
Jewellery
 y - a ring of fire (left hand)
Wands
 n - a wand of mindburst (12)
 r - a wand of charming (9)
 v - a wand of acid (19)
 B - a wand of digging (7)
 C - a wand of polymorph (7)
 I - a wand of flame (36)
Scrolls
 c - a scroll of fear {unknown}
 d - 5 scrolls of identify {unknown}
 e - 2 scrolls of immolation {unknown}
 g - 2 scrolls of blinking
 j - 3 scrolls of poison {unknown}
 k - 2 scrolls of teleportation
 p - a scroll of magic mapping {unknown}
 s - a scroll of brand weapon {unknown}
 H - a scroll of enchant armour {unknown}
 K - a scroll of amnesia {unknown}
 L - a scroll of enchant weapon {unknown}
Potions
 f - 6 potions of mutation
 t - 3 potions of degeneration
 u - 2 potions of heal wounds {unknown}
 w - a potion of ambrosia {unknown}
 x - 2 potions of resistance {unknown}
 z - 2 potions of magic {unknown}
 E - a potion of cancellation {unknown}
 F - a potion of flight {unknown}


   Skills:
 - Level 10.0 Fighting
 + Level 8.8 Armour
 - Level 2.1 Dodging
 - Level 1.5 Stealth
 - Level 8.0 Spellcasting


You had 2 spell levels left.
You knew the following spells:

 Your Spells              Type           Power      Damage    Failure   Level
a - Sandblast             Erth           100%       2d20      1%          1
b - Passwall              Tmut/Erth      46%        N/A       1%          2
c - Stone Arrow           Conj/Erth      100%       3d13      1%          3
d - Petrify               Tmut/Erth      56%        N/A       4%          4
e - Summon Small Mammal   Summ           100%       N/A       1%          1
f - Scorch                Fire           100%       2d10      1%          2
g - Mephitic Cloud        Conj/Pois/Air  56%        N/A       1%          3
h - Cause Fear            Hex            28%        N/A       4%          4
i - Passage of Golubria   Tloc           56%        N/A       4%          4
Your spell library was empty.

Dungeon Overview and Level Annotations

Branches:
Dungeon (9/15)             Temple (1/1) D:4
   Lair: D:8-11         Orc: D:9-12

Altars:
Ashenzari
Dithmenos
Elyvilon
Fedhas
Gozag
Hepliaklqana
Kikubaaqudgha
Makhleb
Nemelex Xobeh
Okawaru
Qazlal
Ru
Sif Muna
Trog
Uskayaw
Vehumet
Wu Jian
Xom
Yredelemnul
Zin
The Shining One

Annotations:
D:6 3 runed translucent doors, KhasaRR's ghost, novice HOFi
D:8 1 runed translucent door, peepee's ghost, novice MiBe
D:9 4 runed translucent doors


Innate Abilities, Weirdness & Mutations

You are immune to sickness and miasma.
You are immune to poison.
Your flesh is very heat resistant. (rF++)
You are vulnerable to cold. (rC-)
You float through the air rather than walking.
You learn spells naturally, not from books.
Your magical power is your life essence.
You have superior vitality. (+4 MHP)
You are somewhat resistant to both further mutation and mutation removal.
You are resistant to electric shocks. (rElec)


Message History

Casting: Passwall (safe; 1% risk of failure)
Confirm with . or Enter, or press ? or * to list all spells.
You feel a strong surge of power!
Flames lash the yak.
The yak is lightly wounded.
The yak's fire resistance burns away.
* * * LOW HITPOINT WARNING * * *
You hear a bellow! x2
Casting: Scorch (safe; 1% risk of failure)
Confirm with . or Enter, or press ? or * to list all spells.
You feel a strong surge of power!
Flames lash the yak.
The yak is burned terribly!
The yak is moderately wounded.
* * * LOW HITPOINT WARNING * * *
The yak gores you.
* * * LOW HITPOINT WARNING * * *
Casting: Scorch (safe; 1% risk of failure)
Confirm with . or Enter, or press ? or * to list all spells.
You feel a strong surge of power!
Flames lash the yak.
The yak is burned terribly!
The yak is heavily wounded.
* * * LOW HITPOINT WARNING * * *
The yak gores you.
* * * LOW HITPOINT WARNING * * *
Unknown command.
Unknown command.
Casting: Scorch (safe; 1% risk of failure)
Confirm with . or Enter, or press ? or * to list all spells.
Okay, then.
You feel better. The yak closely misses you.
Casting: Scorch (safe; 1% risk of failure)
Confirm with . or Enter, or press ? or * to list all spells.
Casting: Cause Fear (dangerous; 4% risk of failure)
Press: ? - help, Dir - look around, f - activate You feel a surge of power!
The yak easily resists.
* * * LOW HITPOINT WARNING * * *
The yak gores you.
* * * LOW HITPOINT WARNING * * *
Unknown command.
The yak attacks as you move away! The yak gores you!
You die...

#.#######.######.#.###. #.#
#####.######.......
#####.###....(.....Y.#.##..
#.........###.########.....
#.###Y#####..... ####..
#.....Y..##.#(#.# ##.
#..#.#.#..<... .# #..
#.........#.#.#..# #.#
##.#.#.#.Y@......# . ##.#
#........####.#.# ....#...
#.#.#.#..# .........
#........# .....#...
######...# #...###.# #####
#### #.# #.# #.# #.#


You could see 3 yaks.

Vanquished Creatures
  A centaur warrior (D:8)
  A two-headed ogre (D:8)
  Pikel (D:5)
  Maurice (D:8)
  Sigmund (D:5)
  A vampire (D:8)
  4 yaks
  2 steam dragons
  4 vampire mosquitoes (D:5)
  An acid dragon (D:4)
  A black bear (D:5)
  3 orc warriors
  A sky beast (D:4)
  3 ice beasts
  A centaur (D:8)
  An ogre (D:4)
  2 lemures (D:5)
  2 phantoms
  Blork the orc (D:5)
  A kobold brigand (D:6)
  3 bullfrogs
  4 scorpions
  6 wights (D:7)
  8 howler monkeys
  3 hounds
  3 jellies
  Crazy Yiuf (D:7)
  2 orc priests (D:7)
  6 iguanas
  Ijyb (D:3)
  5 orc wizards
  7 gnolls
  3 adders
  2 white imps
  An ufetubus (D:5)
  A dart slug (D:4)
  18 orcs
  3 ball pythons
  5 endoplasms
  5 giant cockroaches
  5 goblins
  8 hobgoblins
  7 jackals
  3 quokkas
  3 bats
  7 kobolds
  5 rats
158 creatures vanquished.

Vanquished Creatures (collateral kills)
  An endoplasm (D:2)
  4 goblins (D:2)
  A rat (D:2)
6 creatures vanquished.

Vanquished Creatures (others)
  5 fungi
  4 plants (D:8)
9 creatures vanquished.

Grand Total: 173 creatures vanquished

Notes
Turn   | Place    | Note
-------+----------+-------------------------------------------
     0 | D:1      | Bruhh the Djinni Earth Elementalist began the quest for the
                  | Orb.
     0 | D:1      | Reached XP level 1. HP: 15/15 MP: 0/0
   271 | D:1      | Reached XP level 2. HP: 18/21 MP: 0/0
   976 | D:2      | Reached XP level 3. HP: 24/25 MP: 0/0
   976 | D:2      | Learned a level 1 spell: Summon Small Mammal
  1530 | D:2      | Reached XP level 4. HP: 27/31 MP: 0/0
  1655 | D:2      | Noticed a phantom
  1664 | D:2      | Killed a phantom
  1665 | D:2      | Reached XP level 5. HP: 15/35 MP: 0/0
  1665 | D:2      | Learned a level 2 spell: Scorch
  2500 | D:3      | Identified the +1 robe of Xarionah {Stlth+}
  2881 | D:3      | Found a faded altar of an unknown god.
  2897 | D:3      | Noticed Ijyb
  2905 | D:3      | Killed Ijyb
  2906 | D:3      | Reached XP level 6. HP: 2/40 MP: 0/0
  3623 | D:4      | Reached skill level 5 in Spellcasting
  3755 | D:4      | Noticed a sky beast
  3762 | D:4      | Gained mutation: You are resistant to electric shocks.
                  | (rElec) [potion of mutation]
  3762 | D:4      | Gained mutation: You are somewhat resistant to further
                  | mutation. [potion of mutation]
  3762 | D:4      | Gained mutation: You are somewhat resistant to both further
                  | mutation and mutation removal. [potion of mutation]
  3772 | D:4      | Killed a sky beast
  4154 | D:4      | Noticed a yak
  4156 | D:4      | Noticed a yak
  4159 | D:4      | Noticed a yak
  4619 | D:4      | Killed a yak
  4620 | D:4      | Reached XP level 7. HP: 39/45 MP: 0/0
  4620 | D:4      | Learned a level 3 spell: Mephitic Cloud
  4625 | D:4      | Killed a yak
  4629 | D:4      | Killed a yak
  4630 | D:4      | Reached XP level 8. HP: 21/50 MP: 0/0
  5658 | D:4      | Found a staircase to the Ecumenical Temple.
  5919 | Temple   | Entered the Ecumenical Temple
  6062 | Temple   | Became a worshipper of Ashenzari the Shackled
  6127 | D:5      | Entered Level 5 of the Dungeon
  6148 | D:5      | Noticed Blork the orc
  6155 | D:5      | Killed Blork the orc
  6414 | D:5      | Noticed Pikel
  6421 | D:5      | Killed Pikel
  6422 | D:5      | Reached skill level 4 in Fighting
  6422 | D:5      | Reached XP level 9. HP: 29/63 MP: 0/0
  6422 | D:5      | Learned a level 4 spell: Cause Fear
  6741 | D:5      | Reached skill level 5 in Fighting
  6745 | D:5      | Reached skill level 6 in Fighting
  6886 | D:5      | Reached skill level 7 in Fighting
  7075 | D:5      | Noticed Sigmund
  7081 | D:5      | Killed Sigmund
  7147 | D:5      | Reached skill level 8 in Fighting
  7665 | D:6      | Reached XP level 10. HP: 68/77 MP: 0/0
  7817 | D:6      | Found a runed translucent gate.
  7817 | D:6      | Found a runed translucent gate.
  7817 | D:6      | Found a runed translucent gate.
  7819 | D:6      | Noticed KhasaRR's ghost (novice HOFi)
  8030 | D:6      | Reached skill level 9 in Fighting
  8805 | D:7      | Found a runed translucent door.
  8806 | D:7      | Noticed Crazy Yiuf
  8872 | D:7      | Reached skill level 10 in Fighting
  8899 | D:7      | Reached skill level 1 in Armour
 10217 | D:7      | Killed Crazy Yiuf
 10347 | D:8      | Noticed a centaur warrior
 10353 | D:8      | Killed a centaur warrior
 10354 | D:8      | Reached skill level 5 in Armour
 10586 | D:8      | Noticed peepee's ghost (novice MiBe)
 10588 | D:8      | Found a runed translucent door.
 11128 | D:8      | Reached XP level 11. HP: 74/85 MP: 0/0
 11128 | D:8      | Learned a level 4 spell: Passage of Golubria
 11231 | D:8      | Noticed Maurice
 11277 | D:8      | Killed Maurice
 11756 | D:8      | Noticed a two-headed ogre
 11761 | D:8      | Killed a two-headed ogre
 11890 | D:9      | Found a large runed translucent door.
 11894 | D:9      | Found a large runed translucent door.
 11906 | D:9      | Found a large runed translucent door.
 11906 | D:9      | Noticed a boulder beetle
 11907 | D:9      | Found a large runed translucent door.
 11907 | D:9      | Noticed a boulder beetle
 12026 | D:9      | HP: 4/85 [yak (5)]
 12078 | D:9      | HP: 3/85 [yak (3)]
 12082 | D:9      | Mangled by a yak

Illustrated notes

Levels and vault maps discovered:
D:1:      dpeg_arrival_rooms_c, layout_basic
D:2:      layout_rooms
D:3:      layout_loops_cross, chequers_ecumenical_altar_twisty,
          corexii_item_surrounded_by_moat, minmay_misc_feat_room, uniq_ijyb
D:4:      nicolae_cairo_tiling_very_big, layout_layer_cave
D:5:      layout_rooms, uniq_sigmund, uniq_blork_the_orc, uniq_pikel
D:6:      layout_gridville, gammafunk_ghost_nasty_kobolds
D:7:      layout_rooms, dk_vineyard_3, uniq_crazy_yiuf_cottage
D:8:      layout_basic, hellmonk_ghost_big_iron, uniq_maurice
D:9:      layout_loops_ring, david_lair_shrubbed, serial_glass, glass_columns_a,
          glass_columns_c, glass_columns_a, glass_columns_c, glass_columns_a,
          glass_columns_b, glass_columns_a, glass_columns_a,
          minmay_hollow_rounded_squares
Temple:   compressed_dpeg_circular_temple

Skill      XL: |  1  2  3  4  5  6  7  8  9 10 11 |
---------------+----------------------------------+-----
Spellcasting   | 3 4 6 7 8 |  8.0
Fighting       | 4 8 10 | 10.0
Armour         | 6 8 |  8.8
Dodging        | |  2.1
Stealth        | |  1.5

Action                   |  1- 3 |  4- 6 |  7- 9 | 10-12 || total
-------------------------+-------+-------+-------+-------++-------
Melee: Unarmed           |    11 |       |       |       ||    11
       Long sword        |    14 |     6 |     1 |       ||    21
       Trident           |       |       |     3 |       ||     3
       Spear             |       |       |     1 |    22 ||    23
 Cast: Sandblast         |    33 |    40 |     9 |       ||    82
       Summon Small Mamm |    14 |       |       |     1 ||    15
       Scorch            |       |    27 |    70 |   129 ||   226
       Stone Arrow       |       |     2 |     2 |    11 ||    15
       Passwall          |       |     1 |       |     3 ||     4
       Mephitic Cloud    |       |       |     2 |       ||     2
       Cause Fear        |       |       |       |     1 ||     1
  Use: Potion            |     1 |     5 |       |     2 ||     8
       Scroll            |       |     1 |     1 |     1 ||     3
Armor: Robe              |     5 |     1 |     5 |    15 ||    26
       Ring mail         |       |    10 |     3 |       ||    13
       Skin              |       |    10 |       |       ||    10
Dodge: Dodged            |    36 |    11 |    20 |    37 ||   104
Block: Buckler           |       |       |       |     7 ||     7

Table legend: (Time is in decaauts)
 A = Elapsed time spent in this place.
 B = Non-inter-level travel time spent in this place.
 C = Inter-level travel time spent in this place.
 D = Time resting spent in this place.
 E = Time spent auto-exploring this place.
 F = Levels seen in this place.
 G = Mean time per level.
                   A        B        C        D        E       F      G
               +--------+--------+--------+--------+--------+-----+--------+
         Total |  12099 |  11904 |    195 |    411 |  10204 |  10 | 1209.9 |
       Dungeon |  11925 |  11730 |    195 |    411 |  10133 |   9 | 1325.0 |
        Temple |    173 |    173 |      0 |      0 |     71 |   1 |  173.0 |
               +--------+--------+--------+--------+--------+-----+--------+

Top non-repeatable levels by time:
     D:4: 2252 daAuts
     D:7: 1727 daAuts
     D:8: 1630 daAuts
     D:3: 1594 daAuts
     D:5: 1391 daAuts
     D:2: 1149 daAuts
     D:6: 1013 daAuts
     D:1: 973 daAuts
     D:9: 193 daAuts
  Temple: 173 daAuts
